[Event "MCC Online Open Championship"]
[Site "Chess.com"]
[Date "2020.12.19"]
[Round "3"]
[White "Pranav Devalapalli"]
[Black "Roger Zhang"]
[Result "0-1"]
[ECO "E60"]
[WhiteElo "1514"]
[BlackElo "1943"]
[TimeControl "4200+5"]
[Termination "Roger Zhang won by resignation"]

1. d4 Nf6 2. Nf3 g6 3. c4 Bg7 4. Nc3 O-O 5. e4 d6 6. Be3 e5 7. d5 Ng4 8. Qd2
Nxe3 9. Qxe3 a5 10. a3 Nd7 11. Rb1 a4 12. Be2 Nc5 13. O-O f5 14. exf5 gxf5 15.
Qd2 e4 16. Nd4 f4 17. Ne6 Bxe6 18. dxe6 f3 19. gxf3 exf3 20. Bxf3 Rxf3 21. Qd5
Qf6 22. e7+ Kh8 23. Rbe1 Re8 24. Ne4 Nxe4 25. Rxe4 Rf5 0-1

[Event "MCC Online Open Championship"]
[Site "Chess.com"]
[Date "2020.12.20"]
[Round "4"]
[White "Advaith Vijayakumar"]
[Black "FM Joshua Colas"]
[Result "0-1"]
[ECO "D31"]
[WhiteElo "2026"]
[BlackElo "2402"]
[TimeControl "4200+5"]
[Termination "FM Joshua Colas won by resignation"]

1. d4 d5 2. c4 e6 3. Nc3 Be7 4. Nf3 Nf6 5. cxd5 exd5 6. Bf4 c6 7. Qc2 Nbd7 8. h3
Nf8 9. e3 Ng6 10. Bh2 Bd6 11. Bxd6 Qxd6 12. Bd3 O-O 13. O-O Re8 14. Rab1 b5 15.
a4 a6 16. Ne2 Ne4 17. Nd2 f5 18. f3 Nxd2 19. Qxd2 Qe7 20. Kf2 c5 21. dxc5 Qxc5
22. Rfc1 Qb6 23. f4 bxa4 24. Bc2 Bb7 25. Bxa4 Re4 26. Bc2 Rb4 27. Bxf5 Nxf4 28.
Nd4 Rf8 29. Kg1 Rxd4 30. exd4 Rxf5 31. Rf1 Qxd4+ 32. Qxd4 Ne2+ 33. Kh2 Nxd4 34.
Rfd1 Nb5 35. Rd2 d4 36. Re1 Kf7 37. Rde2 Bd5 38. Re7+ Kg6 39. Rd7 Bc6 40. Rd8
Rd5 41. Rg8 Kf7 42. Rc8 Bd7 43. Rc2 d3 44. Rf2+ Kg6 45. Rd2 Nd6 46. Re3 Bf5 47.
g4 Be4 48. Rd1 Rb5 49. Kg3 Kf6 50. Rf1+ Ke5 51. Rf2 Kd4 52. Re1 g5 53. h4 h6 54.
hxg5 hxg5 55. Rf6 Rd5 56. Rd1 Bh7 57. Rh6 Be4 58. Rf6 Nc4 59. Rxa6 Ne3 60. Ra4+
Ke5 61. Re1 d2 62. Rxe3 d1=Q 63. Raxe4+ Kd6 64. Re6+ Kc5 65. Rc3+ Kd4 66. Ree3
Qg1+ 67. Kh3 Qxe3+ 68. Rxe3 Kxe3   0-1

[Event "MCC Online Open Championship"]
[Site "Chess.com"]
[Date "2020.12.20"]
[Round "4"]
[White "Blunt Jackson"]
[Black "FM Rostislav Taborsky"]
[Result "0-1"]
[ECO "B40"]
[WhiteElo "1473"]
[BlackElo "2257"]
[TimeControl "4200+5"]
[Termination "FM Rostislav Taborsky won by resignation"]

1. e4 c5 2. Nf3 e6 3. Nc3 Nc6 4. Bb5 Nge7 5. d4 cxd4 6. Nxd4 Nxd4 7. Qxd4 a6 8.
Be2 Nc6 9. Qd1 b5 10. a3 Bb7 11. O-O Rc8 12. Bf4 d6 13. Bf3 Ne5 14. Bxe5 dxe5
15. Qe2 Bc5 16. Nxb5 axb5 17. Qxb5+ Qd7 18. Qxd7+ Kxd7 19. Rfd1+ Ke7 20. c3 Bb6
21. Rac1 Rhd8 22. g3 f5 23. Rxd8 Rxd8 24. Rd1 fxe4 25. Bg4 Rxd1+ 26. Bxd1 e3 27.
fxe3 Bxe3+ 28. Kf1 Bc1 29. b3 Bxa3 30. b4 Bb2 31. c4 Bc3 32. b5 Bd4 33. Bc2 e4
34. h3 Kd6 35. g4 Kc5   0-1

[Event "MCC Online Open Championship"]
[Site "Chess.com"]
[Date "2020.12.20"]
[Round "4"]
[White "Evan Rosenberg"]
[Black "Stewart Katz"]
[Result "1-0"]
[ECO "A15"]
[WhiteElo "2234"]
[BlackElo "1835"]
[TimeControl "4200+5"]
[Termination "Evan Rosenberg won by checkmate"]

1. Nf3 d5 2. c4 Nf6 3. cxd5 Qxd5 4. Nc3 Qd8 5. d4 c6 6. e4 Bg4 7. Bg5 Bxf3 8.
gxf3 Nbd7 9. Bc4 b5 10. Bb3 h6 11. Bh4 g5 12. Bg3 e6 13. e5 Nd5 14. Ne4 f5 15.
exf6 Bb4+ 16. Kf1 Rf8 17. a3 Bxa3 18. Rxa3 N7xf6 19. Nd6+ Ke7 20. Qe1 a5 21. Qe5
a4 22. Nf5+ Kf7 23. Bxd5 cxd5 24. Nxh6+ Kg6 25. f4 b4 26. Qxg5+ Kh7 27. Ra1 a3
28. bxa3 bxa3 29. f5 a2 30. Qg6+ Kh8 31. Be5 Qe7 32. Rg1 Ra4 33. Nf7+ Rxf7 34.
Qg8# 1-0

[Event "MCC Online Open Championship"]
[Site "Chess.com"]
[Date "2020.12.20"]
[Round "4"]
[White "Royal Buchanan"]
[Black "Stanislav Busygin"]
[Result "1/2-1/2"]
[ECO "B01"]
[WhiteElo "1985"]
[BlackElo "2315"]
[TimeControl "4200+5"]
[Termination "Game drawn by agreement"]

1. e4 d5 2. exd5 Nf6 3. Nf3 Bg4 4. h3 Bh5 5. Be2 Qxd5 6. d4 e6 7. O-O Be7 8. c4
Qd8 9. Nc3 c6 10. Be3 O-O 11. Qc2 Nbd7 12. Rfd1 Qc7 13. Rac1 Rac8 14. Qb3 Qb8
15. d5 cxd5 16. cxd5 exd5 17. Nxd5 Nxd5 18. Qxd5 Nf6 19. Qd4 b6 20. Qf4 Rxc1 21.
Bxc1 Qb7 22. b3 Rd8 23. Rxd8+ Bxd8 24. Qd4 Qd7 25. Qxd7 Nxd7 26. Nd4 Bxe2 27.
Nxe2 Bf6 28. Bd2 Kf8 29. Bc3 Bxc3 30. Nxc3 Ke7 31. Kf1 a6 32. Ke2 Kd6 33. Kd3
Kc5 34. a3 a5 35. Ne4+ Kd5 36. Nc3+  1/2-1/2

[Event "MCC Online Open Championship"]
[Site "Chess.com"]
[Date "2020.12.20"]
[Round "4"]
[White "Pranav Shankar"]
[Black "Sajesh Naillikkal"]
[Result "1-0"]
[ECO "D30"]
[WhiteElo "1914"]
[BlackElo "1462"]
[TimeControl "4200+5"]
[Termination "Pranav Shankar won by resignation"]

1. d4 e6 2. c4 d5 3. Nc3 Nf6 4. cxd5 exd5 5. Bg5 c6 6. e3 Bf5 7. Bd3 Bg6 8. Nge2
Be7 9. O-O O-O 10. f3 Re8 11. Bh4 Nh5 12. Bf2 Bd6 13. Kh1 Qc7 14. Bg1 Nd7 15.
Rb1 Qd8 16. Bxg6 hxg6 17. e4 dxe4 18. fxe4 Qg5 19. e5 Bc7 20. Ne4 Qh6 21. g4 f5
22. gxf5 gxf5 23. Rxf5 Rf8 24. Qb3+ Kh8 25. Rbf1 b6 26. Rxf8+ Nxf8 27. Qf7 Rc8
28. Rf5 g6 29. Rf1 Bb8 30. e6 Qg7 31. e7 Qxf7 32. Rxf7 Ne6 33. Nf6 Nxf6 34. Rxf6
Kg7 35. Rxe6 Kf7 36. e8=Q+ Rxe8 37. Rxe8 Kxe8 38. Kg2 Kd7 39. Kf3 Kd6 40. h4 Kd5
41. Nf4+ Bxf4 42. Kxf4 Kc4 43. Kg5 Kd3 44. Kxg6 c5 45. dxc5 bxc5 46. h5   1-0

[Event "MCC Online Open Championship"]
[Site "Chess.com"]
[Date "2020.12.20"]
[Round "4"]
[White "Roger Zhang"]
[Black "Yili Wen"]
[Result "1/2-1/2"]
[ECO "C95"]
[WhiteElo "1943"]
[BlackElo "2109"]
[TimeControl "4200+5"]
[Termination "Game drawn by agreement"]

1. e4 e5 2. Nf3 Nc6 3. Bb5 a6 4. Ba4 Nf6 5. O-O Be7 6. Re1 b5 7. Bb3 O-O 8. c3
d6 9. h3 Nb8 10. d4 Nbd7 11. Nbd2 Bb7 12. Bc2 Re8 13. d5 c6 14. dxc6 Bxc6 15. c4
Qc7 16. Qe2 Bf8 17. b3 bxc4 18. bxc4 Nc5 19. Rb1 Ba4 20. Nb3 Rec8 21. Nxc5 Bxc2
22. Qxc2 Qxc5 23. Nd2 Nd7 24. Qd3 Rc6 25. Ba3 Qa7 26. Nf1 Rac8 27. Ne3 g6 28.
Re2 Qd4 29. Rd2 Qxd3 30. Rxd3 Nb6 31. f3 Nxc4 32. Nxc4 Rxc4 33. Bxd6 Bxd6 34.
Rxd6 Ra4 35. Rb2 Rc1+ 36. Kh2 Rc7 37. Rd8+ Kg7 38. Re8 Ra5 39. Ra8 Re7 40. Rd2
h5 41. h4 Ra3 42. Rc2 Kf6 43. Rd2 Kg7 44. Rad8 Ra4 45. R8d6 a5 46. Ra6 Ra3 47.
Rd5 a4 48. Rda5 Rxa2 49. Rxa4 Rxa4 50. Rxa4 Kf6 51. Ra6+ Re6 52. Ra5 Rb6 53. Rc5
Ra6 54. Rb5 Ke6 55. Rc5 f5 56. Rc4 Rb6 1/2-1/2

[Event "MCC Online Open Championship"]
[Site "Chess.com"]
[Date "2020.12.20"]
[Round "4"]
[White "GM Kirill Stupak"]
[Black "GM Sergei Azarov"]
[Result "0-1"]
[ECO "A80"]
[WhiteElo "2568"]
[BlackElo "2679"]
[TimeControl "4200+5"]
[Termination "GM Sergei Azarov won by resignation"]

1. d4 f5 2. Nc3 Nf6 3. Bg5 d5 4. Bxf6 exf6 5. e3 Be6 6. Bb5+ c6 7. Bd3 Bd6 8. h3
Na6 9. Bxa6 bxa6 10. Nge2 O-O 11. Qd2 Re8 12. Na4 Bf7 13. O-O-O Rb8 14. a3 Bh5
15. Rde1 Bxe2 16. Rxe2 Rb5 17. Nc3 Rb7 18. Na4 Qc7 19. Qc3 Reb8 20. Kd2 Rb4 21.
b3 R4b5 22. Ra1 c5 23. Ree1 c4 24. bxc4 dxc4 25. Ke2 Qf7 26. Kf1 Bc7 27. Qd2 Ba5
28. c3 Qd5 29. Rec1 Bc7 30. Qe2 Bd6 31. Rd1 Rb3 32. Nc5 Rb2 33. Qf3 Qxf3 34.
gxf3 Rc2 35. Rab1 Rb6 36. Na4 Rb5 37. Ra1 Kf7 38. Rdc1 Rxc1+ 39. Rxc1 Rb3 40.
Ra1 Ke6 41. Ke2 Kd5 42. Kd2 Rxa3 43. Rxa3 Bxa3 44. Kc2 g5 45. Nb2 Bxb2 46. Kxb2
h5 47. Kc2 h4 48. Kd2 a5 49. Kc2 a4 50. Kb2 Kd6 51. Ka3 g4 52. fxg4 fxg4   0-1

[Event "MCC Online Open Championship"]
[Site "Chess.com"]
[Date "2020.12.20"]
[Round "4"]
[White "Kole H Moses"]
[Black "Mark Dedona"]
[Result "0-1"]
[ECO "B06"]
[WhiteElo "1237"]
[BlackElo "2108"]
[TimeControl "4200+5"]
[Termination "Mark Dedona won by resignation"]

1. e4 g6 2. d4 c6 3. Nf3 Bg7 4. Be3 d6 5. Bd3 Nd7 6. O-O Ngf6 7. Re1 O-O 8. h3
Re8 9. Nbd2 Qc7 10. c3 b6 11. a4 Bb7 12. Qc2 Rac8 13. Nc4 d5 14. Ncd2 Nxe4 15.
Nxe4 dxe4 16. Bxe4 Nf6 17. Bd3 Nd5 18. Bd2 c5 19. dxc5 Qxc5 20. Ne5 Qd6 21. Nc4
Qc6 22. f3 a5 23. Rad1 e5 24. b3 f5 25. Rc1 Nf4 26. Be3 Nxd3 27. Qxd3 Ba6 28.
Bxb6 Qxb6+ 29. Nxb6 Bxd3 30. Nxc8 Rxc8 31. Red1 e4 32. c4 Bd4+ 33. Kh2 Bc5 34.
Kg3 Rb8 35. Kf4 Rxb3 36. Ke5 Ba3 37. c5 Bxc1 38. Rxc1 Rb4 39. Kd5 e3 40. c6 Ba6
41. c7 Bc8 42. g3 Kf7 43. Re1 Ke7 44. Rxe3+ Kd7 45. Kc5 Rxa4 46. Kb6 Rd4 47.
Kxa5 Kxc7 48. Kb5 Kd6 49. f4 Bd7+ 50. Kb6 Rb4+ 51. Ka5 Rb5+ 52. Ka6 Rc5 53. Kb6
Bc6 54. Rd3+ Rd5 55. Rc3 Rb5+ 56. Ka6 Kc7 57. h4 Rb4 58. Ra3 Ra4+ 59. Rxa4 Bxa4
60. Ka5 Kc6 61. Kb4 Kd5 62. h5 gxh5 63. Kxa4 h4 64. gxh4 Ke4 65. Kb4 Kxf4 66.
Kc4 Ke3 67. Kd5 f4 68. Ke6 f3 69. Kf6 f2 70. Kg7 f1=Q 71. h5 Qf5 72. Kh6 Kf4 73.
Kg7 Qxh5 74. Kh8 Qg5 75. Kxh7  0-1

[Event "MCC Online Open Championship"]
[Site "Chess.com"]
[Date "2020.12.20"]
[Round "4"]
[White "GM Sergey Kudrin"]
[Black "IM Justin Joseph Sarkar"]
[Result "1/2-1/2"]
[ECO "C50"]
[WhiteElo "2473"]
[BlackElo "2464"]
[TimeControl "4200+5"]
[Termination "Game drawn by agreement"]

1. e4 e5 2. Nf3 Nc6 3. Bc4 Nf6 4. d3 Bc5 5. c3 O-O 6. O-O d5 7. exd5 Nxd5 8. Re1
Bg4 9. h3 Bh5 10. Nbd2 Nb6 11. Bb3 Qxd3 12. Nxe5 Qf5 13. Nef3 Rad8 14. Qe2 Qc8
15. Ne4 Rfe8 16. Bg5 Be7 17. Bf4 Nd5 18. Bg3   1/2-1/2

[Event "MCC Online Open Championship"]
[Site "Chess.com"]
[Date "2020.12.20"]
[Round "4"]
[White "Thomas Nordeman"]
[Black "Cheryl Amber Lins"]
[Result "0-1"]
[ECO "B92"]
[WhiteElo "982"]
[BlackElo "1736"]
[TimeControl "4200+5"]
[Termination "Cheryl Amber Lins won by resignation"]

1. e4 c5 2. Nf3 d6 3. d4 cxd4 4. Nxd4 Nf6 5. Nc3 a6 6. Be2 e5 7. Nb3 Be7 8. Be3
Be6 9. O-O Nbd7 10. f4 exf4 11. Bxf4 O-O 12. Qd2 Ne5 13. Rad1 Qb6+ 14. Be3 Qc7
15. Qc1 Rac8 16. Bg5 Qc6 17. Nd4 Qc7 18. Nf5 Bxf5 19. exf5 Nc4 20. Bxc4 Qxc4 21.
Rfe1 Bd8 22. Bxf6 Bxf6 23. Ne4 Be5 24. Nxd6 Bxd6 25. Rxd6 Qc5+   0-1

[Event "MCC Online Open Championship"]
[Site "Chess.com"]
[Date "2020.12.20"]
[Round "4"]
[White "Zane Eisen"]
[Black "Miguel Garcia"]
[Result "1-0"]
[ECO "B21"]
[WhiteElo "2154"]
[BlackElo "1960"]
[TimeControl "4200+5"]
[Termination "Zane Eisen won by resignation"]

1. e4 c5 2. d4 cxd4 3. c3 dxc3 4. Nxc3 g6 5. Nf3 Bg7 6. Bc4 d6 7. e5 Be6 8. Bxe6
fxe6 9. Qb3 Qc8 10. exd6 exd6 11. O-O Ne7 12. Re1 e5 13. Ng5 Qf5 14. Nce4 Nc8
15. Qxb7 O-O 16. Qxa8   1-0

[Event "MCC Online Open Championship"]
[Site "Chess.com"]
[Date "2020.12.20"]
[Round "5"]
[White "Stanislav Busygin"]
[Black "Yili Wen"]
[Result "1/2-1/2"]
[ECO "C47"]
[WhiteElo "2315"]
[BlackElo "2109"]
[TimeControl "4200+5"]
[Termination "Game drawn by repetition"]

1. e4 e5 2. Nf3 Nc6 3. Nc3 Nf6 4. d4 exd4 5. Nd5 Be7 6. Nxd4 Nxd4 7. Qxd4 O-O 8.
Bd3 d6 9. Nxe7+ Qxe7 10. Bg5 Qe5 11. Bxf6 Qxf6 12. Qxf6 gxf6 13. O-O-O Bd7 14.
Rde1 Rfe8 15. Re3 Re5 16. Rhe1 Rae8 17. f4 Rh5 18. h3 a5 19. Kd2 a4 20. Ke2 Rc5
21. g4 Bb5 22. Kd2 Kg7 23. b4 axb3 24. axb3 Bxd3 25. Rxd3 h5 26. gxh5 Rxh5 27.
Rg3+ Kf8 28. Ke3 Ke7 29. Kf3 Reh8 30. Kg2 Rh4 31. Rf1 R8h7 32. Rff3 Ke6 33. Rg8
f5 34. e5 d5 35. Rc8 Kd7 36. Rg8 d4 37. c3 dxc3 38. Rd3+ Ke7 39. Rxc3 c6 40. Rb8
Rg7+ 41. Rg3 Rgh7 42. Rxb7+ Ke6 43. Rf3 Rg7+ 44. Kf2 Rgh7 45. Rc7 Kd5 46. Rd7+
Ke4 47. Rdd3 Rh8 48. Rc3 Kd5 49. Rfd3+ Ke4 50. Rf3 Kd5 51. Rfd3+ Ke4 52. Re3+
Kxf4 53. Rc4+ Kg5 54. Rxc6 Rxh3 55. Rg3+ Kf4 56. Rxh3 Rxh3 57. Rf6 Rxb3 58. Rxf7
Rb2+ 59. Kf1 Kxe5 60. Ra7 Kf4 61. Ra3 Kg4 62. Rc3 Ra2 63. Rb3 f4 64. Rc3 f3 65.
Rc8 Ra1+ 66. Kf2 Ra2+ 67. Kf1 Ra1+ 68. Kf2 Ra2+ 69. Kf1 1/2-1/2

[Event "MCC Online Open Championship"]
[Site "Chess.com"]
[Date "2020.12.20"]
[Round "5"]
[White "IM Justin Joseph Sarkar"]
[Black "GM Sergei Azarov"]
[Result "0-1"]
[ECO "A80"]
[WhiteElo "2464"]
[BlackElo "2679"]
[TimeControl "4200+5"]
[Termination "GM Sergei Azarov won by resignation"]

1. d4 f5 2. Nf3 Nf6 3. g3 e6 4. Bg2 Be7 5. O-O O-O 6. c4 d6 7. Nc3 Ne4 8. Qc2
Nxc3 9. Qxc3 a5 10. b3 Nc6 11. Bb2 Bf6 12. Qe3 Qe7 13. Ne1 g5 14. Nd3 Qg7 15. d5
Bxb2 16. Nxb2 Nb4 17. Qd2 e5 18. a3 Na6 19. Qxa5 f4 20. Qc3 Bf5 21. e4 Bg6 22.
b4 Rf6 23. f3 fxg3 24. hxg3 h5 25. c5 Qh6 26. c6 bxc6 27. dxc6 h4 28. Qe1 Nxb4
29. gxh4 Nxc6 30. hxg5 Qxg5 31. Qc1 Qxc1 32. Rfxc1 Nd4 33. Rxc7 Nxf3+ 34. Bxf3
Rxf3 35. Nc4 Rc3 36. Rf1 Bxe4 37. Rff7 Rxc4 38. Rg7+ Kh8 39. Rxc4 Kxg7 40. Rxe4
Rxa3 0-1

[Event "MCC Online Open Championship"]
[Site "Chess.com"]
[Date "2020.12.20"]
[Round "5"]
[White "Stewart Katz"]
[Black "Pranav Devalapalli"]
[Result "0-1"]
[ECO "B13"]
[WhiteElo "1835"]
[BlackElo "1514"]
[TimeControl "4200+5"]
[Termination "Pranav Devalapalli won by resignation"]

1. e4 c6 2. d4 d5 3. exd5 cxd5 4. Bd3 Nc6 5. c3 Nf6 6. Bf4 Bg4 7. Ne2 Bh5 8. O-O
e6 9. Qe1 Bd6 10. Nd2 Qc7 11. Bxd6 Qxd6 12. Ng3 Bg6 13. Bxg6 hxg6 14. Nf3 Nh5
15. Ne5 Nxe5 16. Qxe5 Qxe5 17. dxe5 O-O-O 18. Ne2 g5 19. g3 g6 20. Nd4 Ng7 21.
Nb5 Kb8 22. Nd6 Rdf8 23. c4 dxc4 24. Nxc4 Nf5 25. Kg2 Rc8 26. Rac1 Rc7 27. Rc3
Rhc8 28. Nd6 Rxc3 29. bxc3 Nxd6 30. exd6 Rxc3 31. Rd1 Kc8 32. Rd2 Kd7 33. Kh3
Rc5 34. Kg4 Rd5 35. Rxd5 exd5 36. Kxg5 Kxd6 37. g4 d4 38. Kf4 Kc5 39. h4 Kd5 40.
h5 gxh5 41. gxh5 Ke6 42. Kg5 f6+ 43. Kf4 f5 44. Kf3 Kf6 45. Kf4 b5 46. Kf3 Kg5
47. Ke2 Kxh5 48. Kd3 Kg4 49. Kxd4 Kf3 50. Ke5 f4 51. Kf5 a5 52. Ke5 b4 53. Kf5
a4 0-1

[Event "MCC Online Open Championship"]
[Site "Chess.com"]
[Date "2020.12.20"]
[Round "5"]
[White "Mark Dedona"]
[Black "GM Kirill Stupak"]
[Result "0-1"]
[ECO "B15"]
[WhiteElo "2108"]
[BlackElo "2568"]
[TimeControl "4200+5"]
[Termination "GM Kirill Stupak won by resignation"]

1. e4 c6 2. d4 d5 3. Nc3 a6 4. Be3 b5 5. a3 h6 6. h4 e6 7. g3 Nf6 8. Bd3 Bb7 9.
e5 Nfd7 10. Nce2 c5 11. c3 Nxe5 12. dxe5 d4 13. cxd4 Bxh1 14. f3 Nc6 15. Be4 Rc8
16. Kf2 cxd4 17. Bxc6+ Rxc6 18. Nxd4 Rc5 19. Nge2 Rxe5 20. Qxh1 Bc5 21. Rd1 Rxe3
22. Kxe3 e5 23. Qe1 exd4+ 24. Nxd4 O-O 25. Qc3 Qe7+ 26. Kf2 Rd8 27. Kf1 Qd6 0-1

[Event "MCC Online Open Championship"]
[Site "Chess.com"]
[Date "2020.12.20"]
[Round "5"]
[White "IM Mitrabha Guha"]
[Black "Royal Buchanan"]
[Result "1-0"]
[ECO "E64"]
[WhiteElo "2495"]
[BlackElo "1985"]
[TimeControl "4200+5"]
[Termination "IM Mitrabha Guha won by resignation"]

1. d4 Nf6 2. c4 g6 3. g3 Bg7 4. Bg2 d6 5. Nc3 c6 6. Nf3 O-O 7. O-O Qa5 8. h3 e5
9. e4 exd4 10. Nxd4 Qc7 11. Be3 Nbd7 12. Qc2 Re8 13. Rad1 Nc5 14. Rfe1 Be6 15.
b3 a5 16. Nde2 Rad8 17. e5 Bf5 18. Qc1 Rxe5 19. Nf4 g5 20. Bxc5 Rxe1+ 21. Rxe1
dxc5 22. Nfe2 h6 23. Qe3 Re8 24. Qxc5 Ne4 25. Nxe4 Bxe4 26. Nc1 Re5 27. Qa7 Bxg2
28. Rxe5 Qxe5 29. Kxg2 Qe4+ 30. Kh2 Qc2 31. Qe3 Bf6 32. a4 Kg7 33. Ne2 Qf5 34.
Kg2 Qe5 35. Qd3 h5 36. Qf3 Kh6 37. Nc1 Kg6 38. Nd3 Qf5 39. Qe3 Kg7 40. Nc5 b6
41. Ne4 c5 42. Nd6 Qe5 43. Qd3 Kg8 44. Nf5 Kf8 45. Qf3 Kg8 46. Ne3 h4 47. Ng4 1-0

[Event "MCC Online Open Championship"]
[Site "Chess.com"]
[Date "2020.12.20"]
[Round "5"]
[White "Cheryl Amber Lins"]
[Black "Advaith Vijayakumar"]
[Result "0-1"]
[ECO "A22"]
[WhiteElo "1736"]
[BlackElo "2026"]
[TimeControl "4200+5"]
[Termination "Advaith Vijayakumar won by checkmate"]

1. c4 Nf6 2. Nc3 e5 3. Nf3 Nc6 4. e3 g6 5. d4 exd4 6. exd4 Bg7 7. d5 Ne7 8. Bd3
O-O 9. O-O d6 10. Bg5 h6 11. Bf4 Bf5 12. Rc1 Qd7 13. Re1 Rfe8 14. Nb5 Nh5 15.
Be3 Bxb2 16. Bxh6 Bxc1 17. Bxc1 a6 18. Nbd4 Bxd3 19. Qxd3 Nf5 20. Rxe8+ Rxe8 21.
g4 Nxd4 22. Qxd4 Ng7 23. Bh6 f5 24. Ng5 Qe7 25. Bxg7 Qxg5 26. h3 Re4 27. Qb2
fxg4 28. Bf6 Re1+ 29. Kh2 Qf4+ 30. Kg2 Qf3+ 31. Kh2 Rh1# 0-1

[Event "MCC Online Open Championship"]
[Site "Chess.com"]
[Date "2020.12.20"]
[Round "5"]
[White "Robert James Scott"]
[Black "Blunt Jackson"]
[Result "0-1"]
[ECO "A21"]
[WhiteElo "1189"]
[BlackElo "1473"]
[TimeControl "4200+5"]
[Termination "Blunt Jackson won by checkmate"]

1. c4 e5 2. Nc3 Bb4 3. e4 Nf6 4. Nge2 d6 5. a3 Ba5 6. g3 Be6 7. d3 Nbd7 8. Bg2
O-O 9. O-O Bg4 10. h3 Be6 11. f4 exf4 12. Nxf4 Bb6+ 13. Kh2 Ne5 14. b3 Qd7 15.
Nxe6 fxe6 16. Bb2 Bd4 17. Rb1 c6 18. Ne2 Bxb2 19. Rxb2 Rf7 20. d4 Ng6 21. Nf4
Nxf4 22. Rxf4 Raf8 23. Rf1 d5 24. Rbf2 Ng4+ 25. Qxg4 Rxf2 26. Rxf2 Rxf2 27. exd5
cxd5 28. Kg1 Rf8 29. cxd5 Kh8 30. dxe6 Qe7 31. b4 Qf6 32. Qf3 Qxd4+ 33. Qf2
Qxf2+ 34. Kh2 Re8 35. h4 Rxe6 36. Kh3 Re3 37. Kh2 Qxg3+ 38. Kg1 Re1# 0-1

[Event "MCC Online Open Championship"]
[Site "Chess.com"]
[Date "2020.12.20"]
[Round "5"]
[White "FM Rostislav Taborsky"]
[Black "Roger Zhang"]
[Result "1-0"]
[ECO "E73"]
[WhiteElo "2257"]
[BlackElo "1943"]
[TimeControl "4200+5"]
[Termination "FM Rostislav Taborsky won by resignation"]

1. d4 Nf6 2. c4 g6 3. Nc3 Bg7 4. e4 d6 5. Be2 O-O 6. Bg5 Na6 7. Qd2 e5 8. d5 Qe8
9. Bd1 Bd7 10. f3 Nh5 11. Nge2 f6 12. Be3 f5 13. Bc2 Nf6 14. a3 fxe4 15. Nxe4
Nxe4 16. Bxe4 Bf5 17. Nc3 Qd7 18. O-O-O Bxe4 19. Nxe4 b5 20. Qa5 Nc5 21. Bxc5
dxc5 22. Qxb5 Qxb5 23. cxb5 Rfb8 24. d6 cxd6 25. Rxd6 Rxb5 26. Rhd1 Rab8 27.
Rd8+ Bf8 28. Rxb8 Rxb8 29. Rd7 Rb6 30. Rxa7 Bh6+ 31. Kc2 Be3 32. Rc7 Bd4 33. b3
Re6 34. Nxc5 Bxc5 35. Rxc5 e4 36. fxe4 Rxe4 37. Rd5 Re2+ 38. Rd2 Re1 39. a4 Ra1
40. Kb2 Rh1 41. a5 Re1 42. a6 Re6 43. Rd8+ Kg7 44. a7 1-0

[Event "MCC Online Open Championship"]
[Site "Chess.com"]
[Date "2020.12.20"]
[Round "5"]
[White "Kole H Moses"]
[Black "Pranav Shankar"]
[Result "0-1"]
[ECO "B10"]
[WhiteElo "1237"]
[BlackElo "1914"]
[TimeControl "4200+5"]
[Termination "Pranav Shankar won by resignation"]

1. e4 c6 2. Nf3 d5 3. Nc3 Bg4 4. exd5 cxd5 5. Bb5+ Bd7 6. Qe2 Nf6 7. Ne5 a6 8.
Nxd7 Nbxd7 9. Ba4 e6 10. d4 Bd6 11. Bg5 O-O 12. Bxd7 Qxd7 13. Bxf6 gxf6 14. O-O
Kh8 15. Rad1 Rg8 16. f4 Qc7 17. Qf2 Rg4 18. Rd3 Rxf4 19. Rf3 Rxf3 20. Qxf3 f5
21. h4 b5 22. Rf2 b4 23. Nxd5 exd5 24. Qxd5 Re8 25. Rxf5 Bh2+ 26. Kf1 Qe7 27.
Re5 Bxe5 28. dxe5 Qxe5 29. Qd2 Kg8 30. Qxb4 Qe2+ 31. Kg1 Qe1+ 0-1

[Event "MCC Online Open Championship"]
[Site "Chess.com"]
[Date "2020.12.20"]
[Round "5"]
[White "Alice Wu"]
[Black "Paul Keyworth"]
[Result "0-1"]
[ECO "B01"]
[WhiteElo "1742"]
[BlackElo "1499"]
[TimeControl "4200+5"]
[Termination "Paul Keyworth won by resignation"]

1. e4 d5 2. exd5 Nf6 3. Nf3 Bg4 4. d4 Qxd5 5. Be2 Nc6 6. c4 Qf5 7. h3 Bxf3 8.
Bxf3 O-O-O 9. Bxc6 Qe6+ 10. Qe2 Qxc6 11. d5 Nxd5 12. Na3 Nf6 13. O-O e6 14. Nb5
Kb8 15. Bf4 Rc8 16. Rfd1 a6 17. Nd4 Qe4 18. Qd2 e5 19. Bxe5 Qxe5 20. Qc3 Bd6 21.
g3 c5 0-1

[Event "MCC Online Open Championship"]
[Site "Chess.com"]
[Date "2020.12.20"]
[Round "5"]
[White "Zane Eisen"]
[Black "GM Sergey Kudrin"]
[Result "1-0"]
[ECO "D80"]
[WhiteElo "2154"]
[BlackElo "2473"]
[TimeControl "4200+5"]
[Termination "Zane Eisen won - game abandoned"]

1. d4 Nf6 2. c4 g6 3. Nc3 d5 4. e3 Bg7 5. cxd5 Nxd5 6. Nxd5 Qxd5 7. Ne2 O-O 8.
Nc3 Qd8 9. Be2 c5 10. d5 e6 11. e4 exd5 12. exd5 b6 13. O-O Bb7 14. Bf3 Nd7 15.
g3 Ne5 16. Bg2 Qd7 17. Qc2 c4 18. Rd1 Rac8 19. Bg5 h6 20. Be3 Nd3 21. Be4 1-0

[Event "MCC Online Open Championship"]
[Site "Chess.com"]
[Date "2020.12.21"]
[Round "6"]
[White "Advaith Vijayakumar"]
[Black "Miguel Garcia"]
[Result "0-1"]
[ECO "B06"]
[WhiteElo "2026"]
[BlackElo "2010"]
[TimeControl "4200+5"]
[Termination "Miguel Garcia won by resignation"]

1. d4 g6 2. c4 Bg7 3. e4 c5 4. Nf3 cxd4 5. Nxd4 Nc6 6. Be3 Nf6 7. Nc3 Ng4 8.
Qxg4 Nxd4 9. Qd1 e5 10. Bd3 O-O 11. O-O b6 12. Qd2 Bb7 13. Rac1 Rc8 14. Ne2 Ne6
15. Rfd1 f5 16. f3 f4 17. Bf2 h5 18. b4 Kh7 19. c5 g5 20. cxb6 axb6 21. Bc4 Rxc4
22. Rxc4 Ba6 23. Rcc1 Bb5 24. Nc3 Ba6 25. b5 Bc8 26. Nd5 g4 27. Nxb6 gxf3 28.
Rxc8 Qg5 29. Bh4 Qxh4 30. Rxf8 Nxf8 31. Nxd7 Qg5 32. Nxf8+ Bxf8 33. Kh1 Bb4 34.
Qd7+ Kg8 35. Qe6+ Kf8 36. Qf5+ Qxf5 37. exf5 f2 38. g3 f3 39. Rf1 Bc5 40. Rc1 e4
41. h3 e3 42. g4 hxg4 43. hxg4 e2 44. Kh2 f1=Q  0-1

[Event "MCC Online Open Championship"]
[Site "Chess.com"]
[Date "2020.12.21"]
[Round "6"]
[White "Andrew Paul"]
[Black "Thomas Nordeman"]
[Result "1-0"]
[ECO "C42"]
[WhiteElo "1385"]
[BlackElo "982"]
[TimeControl "4200+5"]
[Termination "Andrew Paul won on time"]

1. e4 e5 2. Nf3 Nf6 3. Nxe5 d6 4. Nf3 Nxe4 5. d4 Be7 6. Bd3 d5 7. Qe2 Nf6 8. O-O
O-O 9. h3 Re8 10. c3 c5 11. b3 Nc6 12. Qc2 Bd7 13. Bg5 h6 14. Bxf6 Bxf6 15. dxc5
Rc8 16. a3 a5 17. Ra2 b6 18. cxb6 Qxb6 19. Rd1 Kh8 20. c4 dxc4 21. Bxc4 Be6 22.
Nbd2 Nd4 23. Nxd4 Bxd4 24. Nf3 Bc5 25. Bxe6 Rxe6 26. Qb2 Rce8 27. Kh2 Bd6+ 28.
g3 Re2 29. Qxe2 Rxe2 30. Rxe2 Bc5 31. Kg2 Kh7 32. Rd7 Kg8 33. Re8+ Kh7 34. Re2
Bxa3 35. Rxf7 Bb4 36. Rf4 Bc5 37. Rc4 Bd6 38. Rc3 Bc5 39. Rec2 Bd6 40. Rc6  1-0

[Event "MCC Online Open Championship"]
[Site "Chess.com"]
[Date "2020.12.21"]
[Round "6"]
[White "IM Justin Joseph Sarkar"]
[Black "Zane Eisen"]
[Result "1-0"]
[ECO "C50"]
[WhiteElo "2464"]
[BlackElo "2154"]
[TimeControl "4200+5"]
[Termination "IM Justin Joseph Sarkar won by resignation"]

1. e4 e5 2. Nf3 Nc6 3. Bc4 Bc5 4. O-O Nf6 5. d3 d6 6. c3 O-O 7. Bg5 Na5 8. Bb5
a6 9. Ba4 b5 10. Bc2 Ba7 11. d4 h6 12. Bh4 exd4 13. cxd4 Bg4 14. Qe1 Bxf3 15.
Qxa5 g5 16. gxf3 gxh4 17. Kh1 Nh5 18. Rg1+ Kh8 19. Qc3 b4 20. Qe3 Qf6 21. e5 Qf4
22. Rg4 Qxe3 23. fxe3 dxe5 24. Rxh4 exd4 25. Rxh5 dxe3 26. Nc3 Rg8 27. Rxh6+ Kg7
28. Rh7+ Kf8 29. Ne4 e2 30. Bb3 Rg1+ 31. Rxg1 Bxg1 32. Rxf7+ Ke8 33. Nf6+ Kd8
34. Rf8+ Ke7 35. Rxa8 Be3 36. Re8+  1-0